 Dungeon Crawl Stone Soup version 0.32-a0-12-g7fc57aa741 (webtiles) character file.

Game seed: 3110725293449141512

723 Ivernyr the Shield-Bearer (level 8, -2/63 HPs)
             Began as a Formicid Fighter on Jan 14, 2024.
             Engulfed by a steam dragon's steam (4 damage)
             ... on level 7 of the Dungeon.
             The game lasted 00:09:45 (3819 turns).

Ivernyr the Shield-Bearer (Formicid Fighter)        Turns: 3819, Time: 00:09:45

Health: -2/63      AC:  7    Str: 24    XL:     8   Next: 2%
Magic:  8/8        EV:  9    Int:  7    God:
Gold:   221        SH: 15    Dex: 13    Spells: 7/7 levels left

rFire   . . .        a - +0 quarterstaff
rCold   . . .        c - +0 kite shield
rNeg    . . .        b - +0 scale mail
rPois   .            (helmet unavailable)
rElec   .            (no cloak)
rCorr   .            (no gloves)
SInv    +            (no boots)
Will    .....        g - amulet of reflection Stlth
                     (no ring)
HPRegen 0.30/turn    (no ring)
MPRegen 0.11/turn

%: reflection
@: no status effects
A: permanent stasis, dig shafts and tunnels, antennae 3, four strong arms
a: Dig, Shaft Self


You were on level 7 of the Dungeon.
You visited 1 branch of the dungeon, and saw 6 of its levels.

You collected 221 gold pieces.

Inventory:

Hand Weapons
 a - a +0 quarterstaff (weapon)
Armour
 b - a +0 scale mail (worn)
 c - a +0 kite shield (worn)
Jewellery
 g - an amulet of reflection (around neck)
Wands
 n - a wand of acid (9)
 r - a wand of polymorph (3)
 v - a wand of charming (8)
Scrolls
 f - a scroll of fear {unknown}
 i - a scroll of teleportation {unknown}
 j - a scroll of fog {unknown}
 l - a scroll of immolation {unknown}
 o - a scroll of identify {unknown}
 p - a scroll of poison {unknown}
 s - a scroll of blinking {unknown}
 t - a scroll of butterflies {unknown}
 u - a scroll of acquirement {unknown}
 w - a scroll of amnesia {unknown}
Potions
 d - 2 potions of might
 e - a potion of brilliance {unknown}
 h - a potion of degeneration {unknown}
 k - 3 potions of curing
 m - a potion of enlightenment {unknown}
 q - a potion of haste {unknown}


   Skills:
 + Level 5.5 Fighting
 + Level 4.6 Staves
 + Level 5.5 Armour
 + Level 6.6 Shields


You had 7 spell levels left.
You didn't know any spells.
Your spell library contained the following spells:

 Spells                   Type           Power      Damage    Failure   Level
 Magic Dart               Conj           0%         1d3       91%         1
 Necrotise                Necr           0%         1d4       91%         1
 Searing Ray              Conj           0%         2d4       97%         2
 Vampiric Draining        Necr           0%         2d6       99%         3
 Fulminant Prism          Conj/Alch      0%         3d5       100%        4
 Martyr's Knell           Necr/Summ      0%         N/A       100%        4
 Curse of Agony           Necr           0%         N/A       100%        5


Dungeon Overview and Level Annotations

Branches:
Dungeon (5/15)
 Temple: D:4-7

Altars:

Shops:
D:2 (

Annotations:
D:5 Blork the orc, Eustachio, Sigmund


Innate Abilities, Weirdness & Mutations

You cannot be hasted, slowed, berserked, paralysed or teleported.
You can dig through walls and to a lower floor.
You have a pair of large antennae on your head. (SInv)
Your four strong arms can wield two-handed weapons with a shield.


Message History

You block the sky beast's attack.
The sky beast is engulfed in a cloud of scalding steam.
The sky beast hits you but does no damage.
You barely miss the sky beast.
The sky beast is almost dead.
The sky beast is engulfed in a cloud of scalding steam.
The sky beast flickers out of sight for a moment.
The sky beast hits you. The sky beast shocks you.
The steam dragon breathes steam at you.
The ball of steam hits the sky beast!
The sky beast dies!
The ball of steam hits you!
You completely miss the steam dragon.
The steam dragon is moderately wounded.
You are engulfed in a cloud of scalding steam.
The steam dragon breathes steam at you. The ball of steam misses you.
You hit the steam dragon.
The steam dragon is moderately wounded.
You are engulfed in a cloud of scalding steam.
The steam dragon closely misses you. You block the steam dragon's attack.
Unknown command.
You hit the steam dragon but do no damage.
The steam dragon is moderately wounded.
You are engulfed in a cloud of scalding steam.
You block the steam dragon's attack.
The steam dragon claws you but does no damage.
Unknown command.
You hit the steam dragon.
The steam dragon is moderately wounded.
You are engulfed in a cloud of scalding steam.
You block the steam dragon's attack. x2
The steam dragon breathes steam at you. The ball of steam hits you!
* * * LOW HITPOINT WARNING * * *
You are engulfed in a cloud of scalding steam.
* * * LOW HITPOINT WARNING * * *
You begin to dig a shaft.
You continue digging a shaft.
You are engulfed in a cloud of scalding steam.
You die...

#.....##.....~≈.%#,
#.....##.....~≈..###
.##.....##.....~≈≈.$"#
........'......#§~≈.#..
........#.......#§≈≈≈≈≈
.##.....##....§D.#§~~~~
.##.....#######Y.......
........##....D#{......
.....)..'.....@#.......
........#......+.......
........#....§.#.......
.##.....##.....#....###
#.....##..§..#....#
#.....##.....#....#
+.....†......#
#............#
#.....########


You could see 2 steam dragons and a sky beast (invisible).

Vanquished Creatures
  A bullfrog (D:7)
  4 scorpions
  2 bombardier beetles
  A hound (D:5)
  2 orc wizards (D:4)
  Natasha (twice) (D:4)
  Robin (D:4)
  3 gnolls (D:4)
  5 adders
  A shadow imp (D:7)
  3 ribbon worms
  A dart slug (D:4)
  20 orcs
  6 ball pythons
  4 bats
  9 endoplasms
  4 giant cockroaches
  12 goblins
  9 hobgoblins
  6 jackals
  7 quokkas
  3 frilled lizards
  5 kobolds
  8 rats
119 creatures vanquished.

Vanquished Creatures (others)
  A sky beast (D:7)
  An orc wizard (D:5)
2 creatures vanquished.

Grand Total: 121 creatures vanquished

Notes
Turn   | Place    | Note
-------+----------+-------------------------------------------
     0 | D:1      | Ivernyr the Formicid Fighter began the quest for the Orb.
     0 | D:1      | Reached XP level 1. HP: 18/18 MP: 1/1
    93 | D:1      | Reached XP level 2. HP: 21/24 MP: 2/2
   295 | D:1      | Reached XP level 3. HP: 17/29 MP: 3/3
   803 | D:2      | Reached XP level 4. HP: 29/37 MP: 4/4
  1138 | D:2      | Found a transporter.
  1140 | D:2      | Found Akekor's Weapon Shop.
  1464 | D:2      | Found a transporter.
  1846 | D:3      | Found the +18 Lear's hauberk
  1893 | D:3      | Reached XP level 5. HP: 41/42 MP: 5/5
  2153 | D:4      | Noticed Robin
  2178 | D:4      | Killed Robin
  2179 | D:4      | Reached skill level 5 in Shields
  2364 | D:4      | Reached XP level 6. HP: 31/49 MP: 6/6
  2613 | D:4      | Noticed Natasha
  2633 | D:4      | Killed Natasha
  2709 | D:4      | Noticed Natasha
  2716 | D:4      | Killed Natasha
  2732 | D:4      | Reached XP level 7. HP: 50/55 MP: 7/7
  3129 | D:5      | Entered Level 5 of the Dungeon
  3140 | D:4      | Reached skill level 5 in Fighting
  3140 | D:4      | Reached skill level 5 in Armour
  3154 | D:4      | Reached skill level 6 in Shields
  3636 | D:5      | Noticed Eustachio
  3657 | D:5      | Noticed Sigmund
  3675 | D:5      | Noticed Blork the orc
  3680 | D:5      | You fall into a shaft and drop 2 floors!
  3713 | D:7      | Reached XP level 8. HP: 43/63 MP: 8/8
  3817 | D:7      | HP: 3/63 [steam dragon/ball of steam (17)]
  3819 | D:7      | Engulfed by a steam dragon's steam

Illustrated notes

Levels and vault maps discovered:
D:1:      lemuel_arrival_hallway, layout_basic, skrybe_limestone_x
D:2:      layout_basic, serial_shops, nicolae_shop_drivethru
D:3:      layout_rooms
D:4:      layout_loops_ring, uniq_natasha, uniq_robin
D:5:      nicolae_cairo_tiling, layout_rooms, uniq_blork_the_orc,
          uniq_crazy_yiuf_cottage, uniq_pikel, uniq_eustachio, uniq_edmund,
          uniq_sigmund
D:7:      layout_gridville, minmay_temple_entry_wispy, hangedman_misty_isle

Skill      XL: |  1  2  3  4  5  6  7 |
---------------+----------------------+-----
Fighting       | 4 5 |  5.5
Armour         | 4 5 |  5.5
Staves         | 3 4 |  4.6
Shields        | 5 6 |  6.6

Action                     |  1- 3 |  4- 6 |  7- 9 || total
---------------------------+-------+-------+-------++-------
  Melee: Quarterstaff      |    93 |   222 |   125 ||   440
Ability: Dig               |     1 |       |       ||     1
         Shaft Self        |       |       |     2 ||     2
    Use: Potion            |       |     1 |       ||     1
 Armour: Scale mail        |    56 |    98 |    72 ||   226
  Dodge: Dodged            |    30 |    54 |    29 ||   113
  Block: Buckler           |     7 |       |       ||     7
         Kite shield       |    63 |   170 |   110 ||   343
         Reflection        |       |     3 |     2 ||     5

Table legend: (Time is in decaauts)
 A = Elapsed time spent in this place.
 B = Non-inter-level travel time spent in this place.
 C = Inter-level travel time spent in this place.
 D = Time resting spent in this place.
 E = Time spent auto-exploring this place.
 F = Levels seen in this place.
 G = Mean time per level.
                   A        B        C        D        E       F      G
               +--------+--------+--------+--------+--------+-----+--------+
         Total |   3928 |   3822 |    106 |    684 |   2059 |   6 |  654.7 |
       Dungeon |   3928 |   3822 |    106 |    684 |   2059 |   6 |  654.7 |
               +--------+--------+--------+--------+--------+-----+--------+

Top non-repeatable levels by time:
     D:4: 1227 daAuts
     D:2: 828 daAuts
     D:1: 793 daAuts
     D:3: 551 daAuts
     D:5: 386 daAuts
     D:7: 141 daAuts
